 Dungeon Crawl Stone Soup version 0.25.1-9-gc5326a611f (webtiles) character file.

Game seed: 4756503275217113847

515000 Clowwww the Executioner (level 24, -4/306 (309) HPs)
             Began as a Demonspawn Fighter on Jan 2, 2021.
             Was the Champion of Trog.
             Slain by a death scarab (12 damage)
             ... summoned by a greater mummy
             ... on level 2 of the Tomb of the Ancients on Jan 3, 2021.
             The game lasted 03:26:18 (42792 turns).

Clowwww the Executioner (Demonspawn Fighter)       Turns: 42792, Time: 03:26:19

HP:   -4/306 (309)  AC: 38    Str: 42      XL:     24   Next: 45%
MP:   6/6           EV: 15    Int: 12 (15) God:    Trog [******]
Gold: 4138          SH: 27    Dex: 14      Spells: 23/23 levels left

rFire    + . .     SeeInvis +   k - +11 war axe of the Tired Allies {antimagic, Str+9 Dex-5}
rCold    + + +     Gourm    .   P - +4 kite shield "Tyllycvi" {rPois rC++ Int+2 Slay+2}
rNeg     + + .     Faith    .   M - +8 pearl dragon scales of the Ego {rC+ rN+ Int+3 Stlth+}
rPois    +         Spirit   .   Y - +1 helmet {SInv}
rElec    +         Reflect  +   d - +2 cloak {rPois}
rCorr    +         Harm     .   q - +2 pair of gloves {Str+3}
MR       +++++                  (boots unavailable)
Stlth    ..........             v - amulet of reflection
HPRegen  3.61/turn              X - ring "Yneesi" {rF+ MR+ Str+6 Int-2 Slay+3}
MPRegen  0.10/turn              V - ring "Tomagigh" {rElec MR++ Dex+6 Slay+3 Stlth+}

@: berserking, silence, marked, flayed, flying (expiring), regenerating, slowed,
studying 2 skills, lightly drained
A: talons 3, yellow scales 3, clumsy 1, demonic guardian 2, low mp 1, negative
energy resistance 1, powered by death 3, 50% torment resistance
}: 2/15 runes: barnacled, silver
a: Renounce Religion


You were on level 2 of the Tomb of the Ancients.
You worshipped Trog.
Trog was exalted by your worship.
You were very hungry.

You visited 9 branches of the dungeon, and saw 41 of its levels.
You visited 1 bazaar.
You also visited: Ossuary, Bailey, Ice Cave and Desolation.

You collected 8024 gold pieces.
You spent 3886 gold pieces at shops.

Inventory:

Hand Weapons
 k - the +11 war axe of the Tired Allies (weapon) {antimagic, Str+9 Dex-5}
   (Trog gifted it to you on level 2 of the Elven Halls)

   It reduces the magical energy of the wielder, and disrupts the spells and
   magical abilities of those hit.
   Natural abilities and divine invocations are not affected.
   It affects your strength (+9).
   It affects your dexterity (-5).
 y - a +5 morningstar of venom
 W - the +14 war axe of Shrieking Terror {vorpal, Int+4}
   (Trog gifted it to you on level 4 of the Vaults)

   It inflicts extra damage upon your enemies.
   It affects your intelligence (+4).
Missiles
 r - 92 boomerangs (quivered)
 K - 9 throwing nets
 Q - 8 silver javelins
Armour
 d - a +2 cloak of poison resistance (worn)
 q - a +2 pair of gloves of strength (worn)
 M - the +8 pearl dragon scales of the Ego (worn) {rC+ rN+ Int+3 Stlth+}
   (You bought it in a shop on level 2 of the Vaults)

   It affects your intelligence (+3).
   It protects you from cold.
   It protects you from negative energy.
   It makes you more stealthy.
 P - the +4 kite shield "Tyllycvi" (worn) {rPois rC++ Int+2 Slay+2}
   (You took it off Donald on level 3 of the Vaults)

   It affects your intelligence (+2).
   It affects your accuracy and damage with ranged weapons and melee attacks
   (+2).
   It greatly protects you from cold.
   It protects you from poison.
 Y - a +1 helmet of see invisible (worn)
Jewellery
 a - the amulet of Ciruetush {Regen+ Int+4 Dex+3 Stlth+}
   (You found it on level 5 of the Vaults)

   [amulet of regeneration]

   It affects your intelligence (+4).
   It affects your dexterity (+3).
   It increases your rate of regeneration.
   It makes you more stealthy.
 m - an uncursed ring of protection from cold
 p - the ring "Doutwaamm" {rC+ rN+ MP+9 Int-2 SInv}
   (You found it on level 3 of the Crypt)

   [ring of positive energy]

   It affects your intelligence (-2).
   It protects you from cold.
   It protects you from negative energy.
   It affects your magic capacity (+9).
   It lets you see invisible.
 t - the ring of Twilight {rElec rN+ Str+4 Dex-2 Stlth+}
   (You found it on level 3 of the Crypt)

   [ring of positive energy]

   It affects your strength (+4).
   It affects your dexterity (-2).
   It insulates you from electricity.
   It protects you from negative energy.
   It makes you more stealthy.
 v - an amulet of reflection (around neck)
 x - the ring "Soocy" {rC+ rN+ Str+4 Dex+4 Stlth+}
   (You found it on level 3 of the Crypt)

   [ring of positive energy]

   It affects your strength (+4).
   It affects your dexterity (+4).
   It protects you from cold.
   It protects you from negative energy.
   It makes you more stealthy.
 C - an uncursed ring of protection from cold
 T - an uncursed ring of see invisible
 V - the ring "Tomagigh" (right hand) {rElec MR++ Dex+6 Slay+3 Stlth+}
   (You took it off an ironbrand convoker in the Desolation of Salt)

   [ring of dexterity]

   It affects your dexterity (+6).
   It affects your accuracy and damage with ranged weapons and melee attacks
   (+3).
   It insulates you from electricity.
   It affects your resistance to hostile enchantments.
   It makes you more stealthy.
 X - the ring "Yneesi" (left hand) {rF+ MR+ Str+6 Int-2 Slay+3}
   (You found it in the Desolation of Salt)

   [ring of strength]

   It affects your strength (+6).
   It affects your intelligence (-2).
   It affects your accuracy and damage with ranged weapons and melee attacks
   (+3).
   It protects you from fire.
   It affects your resistance to hostile enchantments.
Wands
 A - a wand of flame (5)
 E - a wand of acid (12)
 I - a wand of clouds (5)
 N - a wand of iceblast (68)
Scrolls
 c - 7 scrolls of fear
 e - 18 scrolls of remove curse
 g - 22 scrolls of teleportation
 h - a scroll of brand weapon
 w - 9 scrolls of fog
 B - a scroll of magic mapping
 F - 3 scrolls of identify
 H - a scroll of summoning
Potions
 b - 2 potions of cancellation
 j - a potion of stabbing
 l - 10 potions of heal wounds
 n - 12 potions of curing
 o - a potion of invisibility
 u - 3 potions of ambrosia
 z - 6 potions of haste
 G - 5 potions of might
 O - 2 potions of flight
Books
 i - a manual of
Armour
 J - a manual of Unarmed Combat
Comestibles
 f - 66 rations


   Skills:
 + Level 20.6(20.4) Fighting
 + Level 22.4(22.2) Axes
 + Level 2.9(15.4) Maces & Flails
 + Level 6.5(6.4) Throwing
 + Level 14.9(14.7) Armour
 - Level 7.4(7.3) Dodging
 + Level 20.6(20.4) Shields


You had 23 spell levels left.
You didn't know any spells.
Your spell library contained the following spells:

 Spells                   Type           Power        Failure   Level  Hunger
 Magic Dart               Conj           #...         45%         1    ##.....
 Blink                    Tloc           N/A          61%         2    ###....
 Call Imp                 Summ           #.......     61%         2    ###....
 Slow                     Hex            #.......     61%         2    ###....
 Conjure Flame            Conj/Fire      #.......     83%         3    ####...
 Mephitic Cloud           Conj/Pois/Air  #.......     83%         3    ####...


Dungeon Overview and Level Annotations

Branches:
Dungeon (15/15)            Temple (1/1) D:4            Lair (6/6) D:10
 Shoals (4/4) Lair:4        Slime (0/5) Lair:6          Orc (2/2) D:11
    Elf (3/3) Orc:2        Vaults (5/5) D:14          Crypt (3/3) Vaults:3
   Tomb (2/3) Crypt:3      Depths (0/5) D:15        Ossuary (visited)
 Bailey (visited)           IceCv (visited)         Desolation (visited)
  Snake: Lair:2-4    Spider: Lair:2-4

Altars:
Ashenzari
Cheibriados
Dithmenos
Fedhas
Gozag
Hepliaklqana
Kikubaaqudgha
Makhleb
Nemelex Xobeh
Okawaru
Qazlal
Ru
Sif Muna
Trog
Uskayaw
Vehumet
Wu Jian
Xom
Yredelemnul
The Shining One

Shops:
D:6 =[*(   D:10 ?   D:13 [   Orc:2 %*[!   Shoals:1 [   Vaults:2 [***


Innate Abilities, Weirdness & Mutations

You have claws for feet.
You are completely covered in yellow scales. (AC +4, rCorr)
A demonic guardian rushes to your aid.
You resist negative energy. (rN+)
You regenerate a lot of health from kills.
You are somewhat able to resist unholy torments (1 in 2 success).
You are clumsy. (Dex -2)
Your magical capacity is low. (-10% MP)


Message History

You block the greater mummy's attack.
The death scarab bites you but does no damage.
The spectral four-headed hydra bites you but does no damage.
The spectral four-headed hydra barely misses you.
You block the spectral four-headed hydra's attack.
The spectral four-headed hydra bites you but does no damage.
The death scarab bites you but does no damage.
The death scarab barely misses you.
You slice the greater mummy!!
The greater mummy's magic leaks into the air.
You claw the greater mummy!!
The greater mummy is heavily damaged.
You hit the death scarab.
You destroy the death scarab!
Trog accepts your kill.
You hit the death scarab. You miss the death scarab.
You slice the death scarab!! You slash the spectral anaconda!
You miss the flying skull. You hit the spectral four-headed hydra.
You block the death scarab's attack. x2; The death scarab bites you!
You die...

.... ... #.. ...#
#... ...##
....#######....##
.......1..W.....#
.......Ls†M......
......83s@ZsZM...
...M...MsZzsM....
/.....?sWVsZ....#
.......MZss8.....
.....M...MM......
...WV..V...n.....
........z..n....#
..M.#######....##
#... ...##


You could see 3 greater mummies, an ancient lich (invisible), a Tzitzimitl
(summoned), 5 mummy priests, a jiangshi (summoned), a flayed ghost (summoned), a
sun demon (summoned), 2 ushabtiu, a spectral anaconda (summoned), a spectral
four-headed hydra (summoned), 2 vampires, 9 death scarabs, 2 necrophages, 2
shadows, 2 flying skulls, 2 mummies, an anaconda zombie, a golden dragon zombie
(summoned) and a snapping turtle skeleton (summoned).

Vanquished Creatures
  An ancient lich (Tomb:1)
  Sojobo (Vaults:2)
  2 greater mummies (Tomb:1)
  The ghost of Eldin the Sorcerer, a veteran DEWz of Sif Muna (Vaults:2)
  Margery (Vaults:2)
  Frederick (Crypt:3)
  3 golden dragons
  A profane servitor (Crypt:3)
  Jory (Crypt:3)
  A bone dragon (Crypt:3)
  4 liches
  3 tentacled monstrosities (Vaults:5)
  3 deep elf master archers (Elf:3)
  3 deep elf blademasters
  4 titans (Vaults:5)
  A kraken (Shoals:4)
  9 sphinxes
  3 ancient champions
  4 quicksilver dragons (Vaults:5)
  Agnes (Elf:2)
  4 shadow dragons
  6 tengu reavers
  Roxanne (Elf:3)
  Donald (Vaults:3)
  5 storm dragons
  3 revenants
  Ilsuiw (Shoals:3)
  An imperial myrmidon (Desolation)
  2 fire giants (Vaults:5)
  5 frost giants
  17 vault wardens
  Aizul (Shoals:3)
  8 deep elf sorcerers
  5 deep elf elementalists
  17 ironheart preservers
  An orc warlord (Orc:1)
  An iron dragon (Vaults:4)
  2 very ugly things
  2 ghouls
  9 vampire knights
  2 war gargoyles
  9 stone giants
  3 entropy weavers
  2 bennus (Tomb:1)
  4 deep elf demonologists
  8 deep elf annihilators
  A halazid warlock (Desolation)
  6 ettins
  7 deep elf death magi
  An eidolon (Crypt:1)
  3 merfolk javelineers
  Josephine (Shoals:1)
  8 mummy priests (Tomb:1)
  A crystal guardian (Desolation)
  16 jiangshi
  3 fire dragons
  13 merfolk impalers
  5 ragged hierophants (Desolation)
  12 yaktaur captains
  5 deep elf high priests
  3 great orbs of eyes
  12 servants of whispers (Desolation)
  5 peacekeepers (Desolation)
  7 hydras
  2 ice dragons (IceCv)
  A rakshasa (Vaults:3)
  27 vault guards
  2 alligator snapping turtles (Shoals:3)
  5 centaur warriors
  A merfolk aquamancer (Shoals:1)
  2 merfolk avatars
  A two-headed ogre (shapeshifter) (Vaults:5)
  19 dancing weapons
  A catoblepas (Lair:6)
  8 death knights
  A queen ant (D:13)
  A tengu warrior (D:15)
  5 satyrs
  9 death yaks
  14 death scarabs
  39 two-headed ogres
  A deep troll shaman (Lair:6)
  A titan zombie (Crypt:1)
  The ghost of Ukenod the Summoner, a journeyman DESu of Vehumet (D:11)
  2 vampire magi (Crypt:1)
  14 ogre magi
  A deep troll earth mage (Vaults:4)
  3 soul eaters
  22 deep elf knights
  2 large abominations
  Sonja (Orc:2)
  5 small abominations
  A titan skeleton (Crypt:1)
  40 skeletal warriors
  6 hell knights
  6 shadow wraiths
  18 sea snakes
  8 deep trolls
  A glowing orange brain (D:15)
  A golden dragon zombie (Crypt:1)
  3 unseen horrors
  An anaconda zombie (Tomb:1)
  2 flayed ghosts (Crypt:3)
  2 orange crystal statues
  3 wizards
  An iron giant skeleton (Crypt:2)
  17 deep elf archers
  19 ironbrand convokers
  60 deep elf magi
  17 harpies
  10 phantasmal warriors
  5 necromancers
  6 orc knights
  A sphinx zombie (Crypt:1)
  5 wolf spiders
  A fire giant zombie (Crypt:1)
  29 ugly things
  10 cyclopes
  2 cyclopes (shapeshifter)
  A shadow dragon skeleton (Tomb:1)
  A salamander (shapeshifter) (Vaults:5)
  25 fauns
  9 manticores
  2 orc sorcerers
  Maurice (Orc:2)
  A human skeleton (Vaults:4)
  A centaur zombie (D:14)
  6 merfolk sirens
  7 elephants
  17 vault sentinels
  6 water nymphs
  3 guardian serpents (Desolation)
  2 ice statues (IceCv)
  4 black mambas
  2 molten gargoyles (Desolation)
  A frost giant skeleton (Crypt:1)
  7 spiny frogs
  3 spiny frogs (shapeshifter)
  A gargoyle (D:14)
  4 kobold demonologists
  An efreet (D:13)
  10 komodo dragons
  A komodo dragon (shapeshifter) (Vaults:3)
  13 freezing wraiths
  A sea snake skeleton (Crypt:1)
  4 rime drakes
  33 yaktaurs
  A polar bear (Vaults:4)
  2 tengu conjurers (D:13)
  A wind drake (shapeshifter) (Vaults:5)
  7 guardian mummies
  A troll (shapeshifter) (Vaults:4)
  14 trolls
  38 merfolk
  3 tyrant leeches (D:11)
  A polar bear (shapeshifter) (Vaults:2)
  Prince Ribbit (D:6)
  A shadow dragon simulacrum (Crypt:3)
  A sphinx simulacrum (Vaults:2)
  5 hornets
  A raiju (shapeshifter) (Vaults:2)
  12 blink frogs
  A stone giant simulacrum (Vaults:1)
  63 saltlings (Desolation)
  A tarantella zombie (Crypt:2)
  A frost giant simulacrum (Vaults:1)
  An alligator zombie (Crypt:2)
  5 snapping turtles
  7 wind drakes
  5 dream sheep (Lair:5)
  18 hippogriffs
  6 slime creatures
  An ice dragon zombie (Tomb:1)
  A hippogriff (shapeshifter) (D:15)
  A black mamba zombie (Tomb:1)
  2 redbacks (Vaults:4)
  15 wraiths
  2 air elementals (Elf:3)
  56 flying skulls
  2 tarantellas (Vaults:4)
  A spriggan (shapeshifter) (D:15)
  2 tarantellas (shapeshifter)
  35 yaks
  An ushabti (Tomb:1)
  Grum (Lair:1)
  3 wyverns
  3 hogs (D:7)
  A human (shapeshifter) (Vaults:4)
  A basilisk (shapeshifter) (D:15)
  4 shadows
  12 water elementals
  3 vampires
  6 basilisks
  8 hungry ghosts
  A human (D:7)
  An elf skeleton (Vaults:4)
  4 vampire mosquitoes
  A catoblepas simulacrum (Crypt:3)
  A human simulacrum (Vaults:2)
  A spectral spiny frog (Crypt:3)
  8 wargs
  Edmund (D:6)
  9 water moccasins
  22 soldier ants (D:13)
  A soldier ant (shapeshifter) (Vaults:4)
  2 hell hounds (Lair:4)
  An acid dragon (D:15)
  3 porcupines
  An ice beast (shapeshifter) (Vaults:5)
  30 orc warriors
  7 sky beasts
  A sky beast (shapeshifter) (Vaults:5)
  A black bear (Lair:6)
  26 ice beasts
  An eye of draining (D:13)
  51 ogres
  4 phantoms
  5 necrophages
  8 centaurs
  15 wolves
  10 crocodiles
  22 bullfrogs
  2 human zombies
  5 big kobolds
  Blork the orc (D:5)
  2 glowing shapeshifter simulacra
  2 earth elementals
  A rime drake skeleton (Crypt:2)
  2 hippogriff skeletons (Crypt:1)
  2 water moccasin zombies
  4 scorpions
  A wyvern skeleton (D:11)
  5 wights (D:8)
  9 killer bees
  An orc simulacrum (Vaults:2)
  A howler monkey (D:13)
  9 crimson imps
  2 bullfrog zombies
  6 jellies
  6 bullfrog skeletons
  11 hounds
  Crazy Yiuf (D:2)
  14 orc priests
  9 centaur skeletons
  24 orc wizards
  14 iguanas
  Natasha (thrice) (D:3)
  24 worker ants
  2 big kobold zombies
  A crocodile skeleton (Crypt:1)
  A deep dwarf skeleton (Crypt:1)
  A hound skeleton (D:7)
  19 mummies
  A worker ant zombie (D:8)
  Robin (D:2)
  15 adders
  3 shadow imps
  A howler monkey simulacrum (D:11)
  An ufetubus (Vaults:4)
  An ooze (D:3)
  2 adder skeletons
  An adder zombie (D:9)
  An iguana skeleton (Crypt:2)
  4 worms
  2 dart slugs (D:2)
  5 leopard geckos
  86 orcs
  3 ball pythons (D:1)
  11 bats
  6 giant cockroaches
  9 hobgoblins
  7 jackals
  23 kobolds
  5 quokkas
  A river rat zombie (Crypt:2)
  A dart slug zombie (Crypt:2)
  4 frilled lizards
  A gnoll zombie (Ossuary)
  20 goblins
  3 hobgoblin zombies (Ossuary)
  2 kobold zombies (Ossuary)
  A quokka skeleton (D:8)
  6 rats
  A rat zombie (Crypt:2)
  3 crawling corpses (Elf:3)
  3 fungi
  4 pillars of salt (Elf:2)
  4 plants
  3 tentacles (Shoals:4)
1936 creatures vanquished.

Vanquished Creatures (collateral kills)
  A titan (Vaults:5)
  3 sphinxes
  A shadow dragon (Vaults:5)
  A revenant (Vaults:3)
  An orc warlord (Orc:2)
  An imperial myrmidon (Desolation)
  A vault warden (Vaults:5)
  4 ironheart preservers
  An entropy weaver (D:13)
  Nessos (Orc:2)
  A deep elf demonologist (Elf:3)
  A deep elf annihilator (Elf:3)
  An ettin (Vaults:5)
  A deep elf death mage (Vaults:5)
  A mummy priest (Tomb:2)
  A jiangshi (Crypt:3)
  2 ragged hierophants (Desolation)
  2 crystal guardians (Desolation)
  3 peacekeepers (Desolation)
  A rakshasa (Vaults:2)
  A vault guard (Vaults:3)
  2 hydras
  4 servants of whispers (Desolation)
  A death yak (Lair:6)
  A merfolk aquamancer (Shoals:3)
  2 ogre magi
  A death scarab (Tomb:1)
  8 two-headed ogres
  A dancing weapon (Vaults:5)
  A fire crab (shapeshifter) (Vaults:2)
  3 sea snakes
  A deep troll (Vaults:4)
  4 skeletal warriors
  A necromancer (Vaults:2)
  2 ironbrand convokers
  An orc knight (Vaults:1)
  4 harpies
  A cyclops (Orc:2)
  An ugly thing (Vaults:2)
  3 fauns (Shoals:4)
  8 deep elf magi
  A wolf spider (Vaults:4)
  A centaur zombie (D:15)
  3 elephants
  A guardian serpent (Desolation)
  A vault sentinel (Vaults:2)
  A gargoyle (D:11)
  A spiny frog (Lair:5)
  A freezing wraith (D:12)
  A kobold demonologist (D:15)
  An efreet (D:15)
  2 yaktaurs
  A guardian mummy (Tomb:1)
  A tengu conjurer (D:15)
  2 trolls
  4 merfolk
  10 saltlings (Desolation)
  2 slime creatures
  2 dream sheep (Lair:5)
  A hippogriff (Lair:1)
  2 wind drakes (Shoals:4)
  A blink frog (shapeshifter) (Vaults:1)
  2 blink frogs (Lair:1)
  9 yaks
  3 wraiths
  A vampire mosquito (D:11)
  2 wargs
  A water moccasin (D:13)
  4 soldier ants (D:13)
  A porcupine (Lair:1)
  An ice beast (D:6)
  5 orc warriors
  6 ogres
  An eye of draining (D:13)
  2 wolves (Lair:3)
  3 centaurs (D:14)
  A crocodile (D:9)
  A bullfrog (Lair:5)
  A wyvern skeleton (D:7)
  A scorpion (D:9)
  A hound (D:14)
  2 orc wizards
  A worker ant (D:13)
  A mummy (Tomb:2)
  An ooze (D:7)
  3 orcs
  A goblin (D:14)
  A gnoll zombie (Ossuary)
  A crawling corpse (Elf:3)
  A pillar of salt (Elf:2)
178 creatures vanquished.

Vanquished Creatures (others)
  A faun (Shoals:4)
  A human (D:4)
  2 ogres
  A pillar of salt (Elf:2)
  14 plants (Shoals:4)
  A tentacle (Shoals:4)
20 creatures vanquished.

Grand Total: 2134 creatures vanquished

Notes
Turn   | Place    | Note
-------+----------+-------------------------------------------
     0 | D:1      | Clowwww the Demonspawn Fighter began the quest for the Orb.
     0 | D:1      | Reached XP level 1. HP: 18/18 MP: 1/1
   126 | D:1      | Reached skill level 2 in Axes
   206 | D:1      | Gained mutation: You have sharp toenails. [demonic
                  | ancestry]
   206 | D:1      | Reached XP level 2. HP: 24/24 MP: 2/2
   677 | D:2      | Reached XP level 3. HP: 29/29 MP: 3/3
   763 | D:2      | Found a runed translucent door.
   764 | D:2      | Noticed Crazy Yiuf
   770 | D:2      | Killed Crazy Yiuf
   842 | D:2      | Gained mutation: You regenerate a little health from kills.
                  | [demonic ancestry]
   842 | D:2      | Reached XP level 4. HP: 35/35 MP: 4/4
   861 | D:2      | Reached skill level 3 in Axes
  1006 | D:2      | Found a blossoming altar of Fedhas.
  1072 | D:2      | Noticed Robin
  1086 | D:2      | Killed Robin
  1550 | D:3      | Reached XP level 5. HP: 35/41 MP: 5/5
  1554 | D:3      | Noticed Natasha
  1567 | D:3      | Killed Natasha
  1730 | D:3      | Reached skill level 1 in Dodging
  1785 | D:3      | Noticed Natasha
  1801 | D:3      | Killed Natasha
  1801 | D:3      | Reached skill level 4 in Axes
  1999 | D:3      | Found a radiant altar of Vehumet.
  2128 | D:3      | Noticed Natasha
  2133 | D:3      | Killed Natasha
  2133 | D:3      | Gained mutation: You are partially covered in yellow
                  | scales. (AC +2) [demonic ancestry]
  2133 | D:3      | Reached XP level 6. HP: 47/47 MP: 6/6
  2484 | D:4      | Found an ancient bone altar of Kikubaaqudgha.
  2485 | D:4      | Noticed a human
  2487 | D:4      | Killed a human
  2497 | D:4      | Found a staircase to the Ecumenical Temple.
  2586 | Temple   | Entered the Ecumenical Temple
  2654 | Temple   | Became a worshipper of Trog the Wrathful
  2734 | D:4      | Reached skill level 5 in Axes
  2746 | D:4      | Found a snail-covered altar of Cheibriados.
  2895 | D:4      | Found a hide-covered altar of Uskayaw.
  2953 | D:5      | Entered Level 5 of the Dungeon
  3022 | D:5      | Found a shimmering blue altar of Sif Muna.
  3025 | D:5      | Found an iron altar of Okawaru.
  3029 | D:5      | Found a sparkling altar of Nemelex Xobeh.
  3100 | D:5      | Noticed a sky beast
  3103 | D:5      | Reached XP level 7. HP: 50/53 MP: 7/7
  3117 | D:5      | Reached skill level 6 in Axes
  3122 | D:5      | Reached * piety under Trog
  3301 | D:5      | Noticed Blork the orc
  3316 | D:5      | Killed Blork the orc
  3316 | D:5      | Gained mutation: A weak demonic guardian rushes to your
                  | aid. [demonic ancestry]
  3316 | D:5      | Reached XP level 8. HP: 57/60 MP: 8/8
  3694 | D:6      | Noticed Edmund
  3709 | D:6      | Killed Edmund
  3709 | D:6      | Reached skill level 7 in Axes
  3719 | D:6      | Found Xueboax's Armour Boutique.
  3731 | D:6      | Found a sand-covered staircase.
  3735 | Ossuary  | Entered an ossuary
  3932 | D:6      | Found Renircho's Jewellery Shoppe.
  4115 | D:6      | Reached skill level 8 in Axes
  4139 | D:6      | Found a shattered altar of Ashenzari.
  4170 | D:6      | Found Wakelir's General Store.
  4174 | D:6      | Noticed Prince Ribbit
  4180 | D:6      | Killed Prince Ribbit
  4225 | D:6      | Found Mesutuhe's Antique Weapon Boutique.
  4434 | D:7      | Gained mutation: You have razor-sharp toenails. [demonic
                  | ancestry]
  4434 | D:7      | Reached XP level 9. HP: 66/67 MP: 9/9
  4442 | D:7      | Reached ** piety under Trog
  4519 | D:7      | Reached skill level 9 in Axes
  4567 | D:7      | Noticed a brown ugly thing
  4586 | D:7      | Killed a brown ugly thing
  4586 | D:7      | Reached skill level 5 in Fighting
  5019 | D:7      | Reached skill level 10 in Axes
  5174 | D:7      | Found a shadowy altar of Dithmenos.
  5661 | D:8      | Reached skill level 5 in Shields
  5839 | D:8      | Reached skill level 5 in Armour
  5882 | D:8      | Gained mutation: You regenerate health from kills. [demonic
                  | ancestry]
  5882 | D:8      | Reached XP level 10. HP: 74/74 MP: 10/10
  6185 | D:8      | Found a stormy altar of Qazlal.
  6234 | D:8      | Noticed a two-headed ogre
  6242 | D:8      | Killed a two-headed ogre
  6242 | D:8      | Reached skill level 11 in Axes
  6706 | D:8      | Reached *** piety under Trog
  7230 | D:9      | Reached skill level 12 in Axes
  7231 | D:9      | Reached **** piety under Trog
  7376 | D:9      | Reached XP level 11. HP: 55/81 MP: 11/11
  7470 | D:9      | Got a translucent ring mail
  7482 | D:9      | Identified the cursed +1 ring mail of the Farmer {rElec
                  | Dex+2} (You found it on level 9 of the Dungeon)
  7636 | D:10     | Entered Level 10 of the Dungeon
  7954 | D:10     | Found Uxafeo's Magic Scroll Shop.
  7975 | D:10     | Bought a scroll of identify for 26 gold pieces
  7976 | D:10     | Bought a scroll of identify for 26 gold pieces
  7980 | D:10     | Bought a scroll of enchant weapon for 97 gold pieces
  8273 | D:10     | Found a staircase to the Lair.
  8490 | D:11     | Found the +12 Vampire's Tooth {vamp}
  8510 | D:11     | Reached skill level 13 in Axes
  8595 | D:11     | Reached ***** piety under Trog
  8641 | D:11     | Found a staircase to the Orcish Mines.
  8809 | D:11     | Noticed a purple ugly thing
  8813 | D:11     | Reached skill level 1 in Throwing
  8824 | D:11     | Killed a purple ugly thing
  8839 | D:11     | Found a runed translucent door.
  8840 | D:11     | Noticed a storm dragon
  8840 | D:11     | Noticed Ukenod's ghost (journeyman DESu)
  8863 | D:11     | Killed a storm dragon
  8899 | D:11     | Killed Ukenod's ghost
  8899 | D:11     | Gained mutation: A demonic guardian rushes to your aid.
                  | [demonic ancestry]
  8899 | D:11     | Reached XP level 12. HP: 65/91 MP: 12/12
  8986 | D:11     | Noticed a four-headed hydra
  8993 | D:11     | Killed a four-headed hydra
  9128 | D:11     | Noticed a two-headed ogre
  9135 | D:11     | Killed a two-headed ogre
  9152 | D:11     | Reached skill level 14 in Axes
  9171 | D:11     | Received a gift from Trog
  9742 | D:12     | Noticed a two-headed ogre
  9747 | D:12     | Killed a two-headed ogre
 10047 | D:12     | Noticed a death knight
 10060 | D:12     | Killed a death knight
 10568 | D:12     | Reached skill level 15 in Axes
 11082 | D:13     | Found Pex Muaff's Antique Armour Boutique.
 11090 | D:13     | Bought a crude chain mail for 294 gold pieces
 11100 | D:13     | Identified the +8 chain mail of the Sea {Int+5} (You bought
                  | it in a shop on level 13 of the Dungeon)
 11128 | D:13     | Noticed a two-headed ogre
 11135 | D:13     | Killed a two-headed ogre
 11211 | D:13     | Paralysed by a hornet for 3 turns
 11263 | D:13     | Gained mutation: You resist negative energy. (rN+) [demonic
                  | ancestry]
 11263 | D:13     | Reached XP level 13. HP: 92/98 MP: 13/13
 11540 | D:13     | Noticed an entropy weaver
 11543 | D:13     | Noticed an entropy weaver
 11545 | D:13     | Received a gift from Trog
 11548 | D:13     | Killed an entropy weaver
 11571 | D:13     | Killed an entropy weaver
 11899 | D:13     | Reached skill level 16 in Axes
 12206 | D:14     | Found a flagged portal.
 12239 | Bailey   | Entered a bailey
 12344 | Bailey   | Reached ****** piety under Trog
 12589 | D:14     | Received a gift from Trog
 13346 | D:14     | Reached skill level 1 in Maces & Flails
 13426 | D:14     | Noticed an ironheart preserver
 13429 | D:14     | Found a gate to the Vaults.
 13454 | D:14     | Killed an ironheart preserver
 13454 | D:14     | Gained mutation: You are mostly covered in yellow scales.
                  | (AC +3) [demonic ancestry]
 13454 | D:14     | Reached XP level 14. HP: 96/108 MP: 14/14
 14096 | D:15     | Entered Level 15 of the Dungeon
 14141 | D:15     | Received a gift from Trog
 14364 | D:15     | Reached skill level 10 in Fighting
 14413 | D:15     | Paralysed by a hornet for 2 turns
 14932 | D:15     | Reached skill level 5 in Dodging
 15203 | D:15     | Found a staircase to the Depths.
 15207 | D:15     | Reached skill level 10 in Shields
 15618 | Lair:1   | Entered Level 1 of the Lair of Beasts
 15681 | Lair:1   | Received a gift from Trog
 15838 | Lair:1   | Noticed Grum
 15854 | Lair:1   | Killed Grum
 17397 | Lair:3   | Gained mutation: You have claws for feet. [demonic
                  | ancestry]
 17397 | Lair:3   | Reached XP level 15. HP: 112/117 MP: 15/15
 17400 | Lair:3   | You fall into a shaft and drop 3 floors!
 17400 | Lair:6   | Entered Level 6 of the Lair of Beasts
 17509 | Lair:4   | Received a gift from Trog
 17577 | Lair:4   | Found a staircase to the Shoals.
 17697 | Lair:4   | Found a frozen archway.
 17712 | IceCv    | Entered an ice cave
 18357 | Lair:4   | Reached skill level 17 in Axes
 19482 | Lair:6   | Found a staircase to the Slime Pits.
 19505 | Lair:6   | Got a spiked leather armour
 19506 | Lair:6   | Identified the cursed +0 leather armour of Anaesthesia
                  | {+Blink +Inv Str+3} (You found it on level 6 of the Lair of
                  | Beasts)
 19671 | Lair:6   | Reached skill level 10 in Armour
 19906 | Lair:6   | Received a gift from Trog
 20648 | Orc:1    | Entered Level 1 of the Orcish Mines
 20672 | Orc:1    | Noticed an orc warlord
 20690 | Orc:1    | Killed an orc warlord
 21228 | Orc:2    | Entered Level 2 of the Orcish Mines
 21304 | Orc:2    | Received a gift from Trog
 21317 | Orc:2    | Found a staircase to the Elven Halls.
 21354 | Orc:2    | Noticed Maurice
 21355 | Orc:2    | Noticed Sonja
 21374 | Orc:2    | Killed Maurice
 21386 | Orc:2    | Killed Sonja
 21509 | Orc:2    | Noticed an orc warlord
 21527 | Orc:2    | Killed an orc warlord
 21540 | Orc:2    | Found Xuruzuun's Food Boutique.
 21543 | Orc:2    | Noticed Nessos
 21549 | Orc:2    | Reached XP level 16. HP: 127/127 MP: 12/16
 21598 | Orc:2    | Killed Nessos
 21601 | Orc:2    | Found Fuph's Assorted Antiques.
 21609 | Orc:2    | Found Epeh's Antique Armour Emporium.
 21728 | Orc:2    | Found Syr Nam's Distillery.
 21734 | Orc:2    | Bought a glimmering chain mail for 237 gold pieces
 21739 | Orc:2    | Bought a potion of brilliance for 56 gold pieces
 21739 | Orc:2    | Bought a potion of heal wounds for 70 gold pieces
 21749 | Orc:2    | Bought a fine plate armour for 700 gold pieces
 21998 | Orc:2    | Identified the +10 plate armour of Hepliaklqana's Regard
                  | {rElec Str+3 Int+3} (You bought it in a shop on level 2 of
                  | the Orcish Mines)
 21999 | Orc:2    | Identified the cursed +1 chain mail of the Kangaroo {Int+2}
                  | (You bought it in a shop on level 2 of the Orcish Mines)
 22038 | Elf:1    | Entered Level 1 of the Elven Halls
 22053 | Elf:1    | Received a gift from Trog
 22722 | Elf:1    | Identified the Guide on Confrontation
 23316 | Elf:2    | Found a ruined gateway.
 23323 | Elf:2    | Received a gift from Trog
 23329 | Desolati | Entered the Desolation of Salt
 23554 | Desolati | Reached skill level 18 in Axes
 23892 | Desolati | Gained mutation: You regenerate a lot of health from kills.
                  | [demonic ancestry]
 23892 | Desolati | Reached XP level 17. HP: 137/137 MP: 14/17
 23912 | Desolati | Got a pair of warped gloves
 23923 | Desolati | Got a wavering tin ring
 23958 | Desolati | Got a brightly glowing golden ring
 24002 | Desolati | Received a gift from Trog
 24064 | Desolati | Identified the +3 glaive of the Wizarding Firefly {vorpal,
                  | rElec}
 24064 | Desolati | Identified the ring of Nirul {Wiz *Slow rN+++ Stlth+}
 24064 | Desolati | Identified the ring "Tomagigh" {rElec MR++ Dex+6 Slay+3
                  | Stlth+}
 24101 | Desolati | Identified the Disquisition on Sinister Orientation
 24103 | Desolati | Got a scorched silver ring
 24105 | Desolati | Identified the Almanac of Congealing Displacement
 24120 | Desolati | Identified Utog's Tome of Supportive Stones
 24368 | Desolati | Received a gift from Trog
 24458 | Desolati | Found the +7 captain's cutlass {speed, disarm}
 24461 | Desolati | Got a warped platinum ring
 24698 | Elf:2    | Identified the +1 pair of gloves "Juqemuc" {+Fly Dex+2}
                  | (You found it in the Desolation of Salt)
 24701 | Elf:2    | Identified the ring "Sitesou" {+Blink Str+4 Stlth-} (You
                  | found it in the Desolation of Salt)
 24703 | Elf:2    | Identified the ring of Qitoel {+Fly rElec rF++ rC- Str-3
                  | Dex+9} (You found it in the Desolation of Salt)
 24705 | Elf:2    | Identified the ring "Yneesi" {rF+ MR+ Str+6 Int-2 Slay+3}
                  | (You found it in the Desolation of Salt)
 24707 | Elf:2    | Identified the ring "Siod" {rF+ rN+ Slay+2} (You found it
                  | in the Desolation of Salt)
 24767 | Elf:2    | Gained mutation: You are clumsy. (Dex -2) [a neqoxec]
 24843 | Elf:2    | Noticed Agnes
 24853 | Elf:2    | Killed Agnes
 24905 | Elf:2    | Found an ancient bone altar of Kikubaaqudgha.
 25093 | Elf:2    | Found a runed translucent gate.
 25093 | Elf:2    | Found a runed translucent gate.
 25093 | Elf:2    | Found a runed translucent gate.
 25209 | Elf:2    | Noticed a deep elf blademaster
 25223 | Elf:2    | Killed a deep elf blademaster
 25236 | Elf:2    | Received a gift from Trog
 25239 | Elf:2    | Got an encrusted war axe {god gift}
 25377 | Elf:2    | Identified the +11 war axe of the Tired Allies {antimagic,
                  | Str+9 Dex-5} (Trog gifted it to you on level 2 of the Elven
                  | Halls)
 25642 | Elf:3    | Entered Level 3 of the Elven Halls
 25724 | Elf:3    | Identified Roxanne's Guide on Earth
 25724 | Elf:3    | Noticed Roxanne
 25736 | Elf:3    | Killed Roxanne
 25736 | Elf:3    | Reached XP level 18. HP: 147/147 MP: 6/18
 25830 | Elf:3    | Received a gift from Trog
 25834 | Elf:3    | Reached skill level 19 in Axes
 25863 | Elf:3    | Paralysed by fainting for 11 turns
 25874 | Elf:3    | Gained mutation: Your magical capacity is low. (-10% MP) [a
                  | neqoxec]
 25911 | Elf:3    | Reached skill level 15 in Fighting
 26694 | Elf:3    | Identified the +4 dagger of Dissolution {elec, Int+2}
 26774 | Elf:3    | Got a brightly glowing war axe
 26785 | Elf:3    | Identified the +6 war axe of the Endless Expanse {flame,
                  | rElec MP+9 Int+7} (You found it on level 3 of the Elven
                  | Halls)
 26807 | Elf:3    | Identified Idyex's Magic Continued
 26814 | Elf:3    | Identified Sif Muna's Collected Works on Unstable Summoning
 27331 | Shoals:1 | Entered Level 1 of the Shoals
 27469 | Shoals:1 | Noticed Josephine
 27500 | Shoals:1 | Killed Josephine
 27590 | Shoals:1 | Received a gift from Trog
 27591 | Shoals:1 | Found the +8 mithril axe "Arga" {speed, MR+}
 27725 | Shoals:1 | Identified a scroll of acquirement
 27726 | Shoals:1 | Acquired a manual of Unarmed Combat
 27853 | Shoals:1 | Found Xuego's Armour Shop.
 28319 | Shoals:2 | Reached XP level 19. HP: 155/155 MP: 5/17
 29645 | Shoals:3 | Reached skill level 15 in Shields
 29664 | Shoals:3 | Noticed Ilsuiw
 29683 | Shoals:3 | Received a gift from Trog
 29699 | Shoals:3 | Killed Ilsuiw
 30180 | Shoals:3 | Noticed Aizul
 30185 | Shoals:3 | Reached skill level 5 in Throwing
 30241 | Shoals:3 | Killed Aizul
 30725 | Shoals:4 | Entered Level 4 of the Shoals
 30805 | Shoals:4 | Received a gift from Trog
 30816 | Shoals:4 | Identified the cursed +3 dagger "Fiwotan" {venom, rPois
                  | rC++ MR+ Str-2}
 31206 | Shoals:4 | Got a barnacled rune of Zot
 31815 | Vaults:1 | Entered Level 1 of the Vaults
 32005 | Vaults:1 | Received a gift from Trog
 32660 | Vaults:1 | Gained mutation: You are completely covered in yellow
                  | scales. (AC +4, rCorr) [demonic ancestry]
 32660 | Vaults:1 | Reached XP level 20. HP: 165/165 MP: 6/18
 33047 | Vaults:2 | Received a gift from Trog
 33109 | Vaults:2 | Found a runed translucent door.
 33109 | Vaults:2 | Noticed Eldin's ghost (veteran DEWz)
 33125 | Vaults:2 | Killed Eldin's ghost
 33172 | Vaults:2 | Found Quus's Antique Armour Emporium.
 33218 | Vaults:2 | Bought brightly glowing pearl dragon scales for 2380 gold
                  | pieces
 33221 | Vaults:2 | Identified the +8 pearl dragon scales of the Ego {rC+ rN+
                  | Int+3 Stlth+} (You bought it in a shop on level 2 of the
                  | Vaults)
 33353 | Vaults:2 | Noticed Margery
 33362 | Vaults:2 | Killed Margery
 33423 | Vaults:2 | Received a gift from Trog
 33539 | Vaults:2 | Reached skill level 20 in Axes
 33613 | Vaults:2 | Found a bloodstained altar of Trog.
 33840 | Vaults:2 | Found Lukesail's Assorted Antiques.
 34174 | Vaults:2 | Found Soefenawn's Assorted Antiques.
 34357 | Vaults:2 | Noticed Sojobo
 34375 | Vaults:2 | Killed Sojobo
 34446 | Vaults:2 | Found Norish's Assorted Antiques.
 34557 | Vaults:3 | Received a gift from Trog
 34568 | Vaults:3 | Found a staircase to the Crypt.
 34576 | Vaults:3 | You fall into a shaft and drop 1 floor!
 34747 | Vaults:4 | Found a flickering gateway to a bazaar.
 34753 | Bazaar   | Entered a bazaar
 34753 | Bazaar   | Found Putwejo's Armour Emporium.
 34753 | Bazaar   | Found Maecie's Armour Shoppe.
 34753 | Bazaar   | Found Eneoroho's Gadget Emporium.
 34755 | Bazaar   | Found Iphosmot's Book Shoppe.
 34887 | Vaults:4 | Gained mutation: You are somewhat able to resist unholy
                  | torments (1 in 2 success). [demonic ancestry]
 34887 | Vaults:4 | Reached XP level 21. HP: 173/174 MP: 6/18
 34920 | Vaults:4 | Received a gift from Trog
 34923 | Vaults:4 | Got a translucent war axe {god gift}
 34924 | Vaults:4 | Identified the +14 war axe of Shrieking Terror {vorpal,
                  | Int+4} (Trog gifted it to you on level 4 of the Vaults)
 35198 | Vaults:3 | Received a gift from Trog
 35199 | Vaults:3 | Got a bloodstained hand axe {god gift}
 35208 | Vaults:3 | Identified the +2 hand axe "Ohigam Puph" {vorpal, +Inv rF+
                  | Dex-4} (Trog gifted it to you on level 3 of the Vaults)
 35687 | Vaults:3 | Identified the +4 kite shield "Tyllycvi" {rPois rC++ Int+2
                  | Slay+2}
 35688 | Vaults:3 | Noticed Donald
 35700 | Vaults:3 | Killed Donald
 35788 | Vaults:3 | Received a gift from Trog
 36500 | Vaults:4 | Received a gift from Trog
 37386 | Vaults:5 | Entered Level 5 of the Vaults
 37395 | Vaults:5 | Reached XP level 22. HP: 183/184 MP: 6/19
 37403 | Vaults:5 | Received a gift from Trog
 37404 | Vaults:5 | Reached skill level 21 in Axes
 37437 | Vaults:5 | Noticed a golden dragon
 37443 | Vaults:5 | Identified the cursed +3 flail of Kufudat {vorpal, +Blink}
 37454 | Vaults:5 | Identified the +0 falchion "Yboat" {vorpal, rElec Str+3
                  | Int+3}
 37616 | Vaults:4 | Killed a golden dragon
 37724 | Vaults:5 | Noticed a golden dragon
 37739 | Vaults:5 | Killed a golden dragon
 37739 | Vaults:5 | Received a gift from Trog
 37763 | Vaults:5 | Noticed a golden dragon
 37773 | Vaults:5 | Killed a golden dragon
 38212 | Vaults:5 | Got a silver rune of Zot
 38375 | Vaults:5 | Reached XP level 23. HP: 194/194 MP: 6/20
 38501 | Vaults:5 | Identified the +9 war axe of Unreason {vorpal, Fragile
                  | rPois Str+3}
 38787 | Vaults:5 | Got a pitted emerald amulet
 38948 | Vaults:5 | Identified the amulet of Ciruetush {Regen+ Int+4 Dex+3
                  | Stlth+} (You found it on level 5 of the Vaults)
 39022 | Crypt:1  | Entered Level 1 of the Crypt
 39200 | Crypt:1  | You fall into a shaft and drop 1 floor!
 39226 | Crypt:2  | Received a gift from Trog
 39229 | Crypt:2  | Got a crude broad axe {god gift}
 39230 | Crypt:2  | Identified the +2 broad axe of Shrieking Terror {vorpal,
                  | Int+6 Dex-2} (Trog gifted it to you on level 2 of the
                  | Crypt)
 39929 | Crypt:1  | Acquired a manual of Armour
 40516 | Crypt:3  | Entered Level 3 of the Crypt
 40596 | Crypt:3  | Received a gift from Trog
 40696 | Crypt:3  | Found a basalt altar of Yredelemnul.
 40857 | Crypt:3  | Reached skill level 22 in Axes
 40869 | Crypt:3  | Received a gift from Trog
 40906 | Crypt:3  | Noticed Jory
 40923 | Crypt:3  | Killed Jory
 41038 | Crypt:3  | Found a staircase to the Tomb.
 41048 | Crypt:3  | Identified Kikubaaqudgha's Incunabulum of Darkness
 41070 | Crypt:3  | Got a smoking tin ring
 41070 | Crypt:3  | Got a heavily runed pewter ring
 41070 | Crypt:3  | Got a steaming gossamer ring
 41078 | Crypt:3  | Identified the ring "Doutwaamm" {rC+ rN+ MP+9 Int-2 SInv}
                  | (You found it on level 3 of the Crypt)
 41079 | Crypt:3  | Identified the ring "Soocy" {rC+ rN+ Str+4 Dex+4 Stlth+}
                  | (You found it on level 3 of the Crypt)
 41080 | Crypt:3  | Identified the ring of Twilight {rElec rN+ Str+4 Dex-2
                  | Stlth+} (You found it on level 3 of the Crypt)
 41101 | Crypt:3  | Noticed Frederick
 41121 | Crypt:3  | Killed Frederick
 41379 | Crypt:3  | Reached XP level 24. HP: 204/204 MP: 6/20
 41573 | Tomb:1   | Entered Level 1 of the Tomb of the Ancients
 41611 | Tomb:1   | Received a gift from Trog
 41919 | Tomb:1   | Got a slimy ring mail
 41923 | Tomb:1   | Identified the +4 ring mail "Nahuff" {rPois Regen+} (You
                  | found it on level 1 of the Tomb of the Ancients)
 41999 | Tomb:1   | Noticed a greater mummy
 42001 | Tomb:1   | Noticed an ancient lich
 42044 | Tomb:1   | Killed an ancient lich
 42052 | Tomb:1   | Killed a greater mummy
 42099 | Tomb:1   | Noticed a greater mummy
 42110 | Tomb:1   | Killed a greater mummy
 42396 | Tomb:1   | Received a gift from Trog
 42781 | Tomb:2   | Noticed a greater mummy
 42781 | Tomb:2   | Noticed an ancient lich
 42783 | Tomb:2   | Noticed a greater mummy
 42783 | Tomb:2   | Noticed a greater mummy
 42790 | Tomb:2   | HP: 14/306 [death scarab[a greater mummy] (13)]
 42791 | Tomb:2   | HP: 5/306 [death scarab[a greater mummy] (3)]
 42792 | Tomb:2   | Slain by a death scarab

Illustrated notes

Levels and vault maps discovered:
D:1:      enne_arrival_octagon_isle, layout_loops_ring
D:2:      layout_basic, fedhas_altar_2, uniq_robin, uniq_crazy_yiuf_cottage
D:3:      layout_rooms, vehumet_crystals, kennysheep_generic_room_13,
          uniq_natasha
D:4:      layout_gridville, lemuel_doored_altar, kennysheep_mini,
          minmay_temple_entry_statues_fountains, first_ration, tgw_kikubaaqudgha
D:5:      layout_loops_cross, minitemple, uniq_blork_the_orc
D:6:      layout_loops_ring, kennysheep_mini_moat, enter_ossuary_5,
          serial_shops, nicolae_shop_trees, shop, shop, shop,
          uniq_prince_ribbit1, uniq_edmund
D:7:      layout_gridville, grunt_dithmenos_smoke_and_mirrors, grunt_livestock,
          minmay_misc_feat_five
D:8:      layout_basic, nicolae_qazlal_general_emergency, minmay_quadrilaterals
D:9:      layout_cave_pools
D:10:     layout_basic, david_lair_generic, serial_shops, shop,
          minmay_misc_feat_four_crosses, minmay_variable_closet
D:11:     minmay_imperfect_grid, layout_long_grid, ebering_ghost_inner_flame,
          minmay_guarded_unrand_vampires_tooth
D:12:     layout_loops_corners
D:13:     layout_grid_maze, serial_shops, shop, minivault_29
D:14:     layout_layer_cave, skrybe_vaults_entry_preservation, enter_bailey_3,
          infiniplex_staircase_spiral_double
D:15:     gammafunk_enter_depths_forms, layout_rooms, minivault_24
Temple:   oiseaux_autumnal_temple
Lair:1:   layout_long_grid, cheibrodos_lair_reptile_den, serial_bayou_shore_b,
          uniq_grum
Lair:2:   beast_lair_carwin_large_3, layout_cave_pods, serial_bayou_pond_b,
          wad_woods_road_04
Lair:3:   layout_roguey, spider_nest_entry_web_field, grunt_megastairs_3,
          uniq_rupert, uniq_fannar
Lair:4:   layout_cellular_growth, minmay_shoals_entry_beasts,
          portal_ice_cave_entry_ice_beasts, enter_volcano_3,
          serial_bayou_crossing
Lair:5:   layout_cave_shapes
Lair:6:   grunt_lair_end_beastmaster, layout_regular_city, slime_dummy,
          chequers_serial_rivers_room_b
Shoals:1: layout_shoals, serial_shops, shop, uniq_josephine
Shoals:2: layout_shoals
Shoals:3: cheibrodos_shoals_epimethial_gifts, layout_shoals, uniq_ilsuiw,
          uniq_aizul
Shoals:4: shoals_end_grunt_garden, layout_shoals,
          nicolae_shoals_square_sea_wall, nicolae_shoals_kraken_intersection
Orc:1:    layout_caves
Orc:2:    st_orc_open, layout_caves, uniq_maurice, uniq_nessos, uniq_sonja
Elf:1:    layout_geoelf_diagonals, minmay_elf_annihilation, minivault_16,
          minivault_23, drop_trap, minmay_misc_feat_cross
Elf:2:    layout_geoelf_octagon, basic_altar, portal_desolation_entry_garden,
          uniq_agnes
Elf:3:    minmay_elf_hall_furrowed, layout_onion_city, uniq_roxanne
Vaults:1: nicolae_vaults_theta, ontoclasm_vaults_loading_screen,
          v_alt_pattern_6, hangedman_vaults_nails, v_misc_30, v_misc_14,
          v_alt_pattern_2, hangedman_vaults_corner_blocks,
          nicolae_vaults_little_squares_3, layout_vaults_chaotic_city
Vaults:2: ebering_vaults_ghost_reflecting_pool, ontoclasm_vaults_spin,
          vaults_mumra_minichess, vaults_room_door_hall, st_cells,
          ontoclasm_vaults_ligature, nicolae_vaults_theta,
          nicolae_vaults_shelves_hall, v_misc_5, v_pattern_2,
          ontoclasm_vaults_eye, ontoclasm_vaults_ring_large, vaults_dpeg_cross,
          layout_vaults_omnicross, basic_altar, serial_shops, shop,
          nicolae_shop_statue_plus, nicolae_shop_behind_doors, shop,
          uniq_sojobo, uniq_margery
Vaults:3: minmay_crypt_entry_simple_plaza, v_misc_30, vaults_standard_mumra_x,
          nicolae_vaults_triangles, grunt_vaults_hallway_long,
          hangedman_vaults_stream, vaults_room_grid, vaults_room_corners,
          nicolae_vaults_fighting_squares,
          nicolae_vaults_windows_and_doors_thing, nicolae_vaults_rhombus_5,
          hangedman_vaults_corner_blocks, layout_vaults_omnibox, uniq_donald
Vaults:4: ontoclasm_vaults_shuriken, vaults_dpeg_encased_lava,
          nicolae_vaults_ninety_degrees, st_cells,
          ontoclasm_vaults_loading_screen, hangedman_vaults_corner, v_misc_1,
          nicolae_vaults_network_barrier, serial_ice_m, hangedman_vaults_impose,
          nicolae_vaults_little_squares_4, ontoclasm_vaults_chip,
          vaults_dpeg_ring, layout_vaults_ring, serial_shops, bzr_entry_safe
Vaults:5
Crypt:1:  layout_gridlike
Crypt:2:  layout_gridlike
Crypt:3:  grunt_crypt_end_deaths_head, uniq_frederick
Tomb:1
Tomb:2

Skill      XL: |  1  2  3  4  5  6  7  8  9 10 11 12 13 14 15 16 17 18 19 20 21 22 23 |
---------------+----------------------------------------------------------------------+-----
Axes           | 2 3 4 5 6 8 10 12 13 15 16 17 18 19 20 21 22 | 22.4
Armour         | 3 4 5 6 7 8 9 10 11 12 13 14 | 14.9
Shields        | 3 4 5 6 7 9 10 11 12 13 14 16 17 18 19 20 | 20.6
Dodging        | 1 2 3 4 5 6 7 |  7.4
Fighting       | 4 5 6 7 8 9 10 12 13 14 15 16 17 18 19 20 | 20.6
Throwing       | 1 2 4 5 6 |  6.5
Maces & Flails | 1 2 |  2.9

Action                   |  1- 3 |  4- 6 |  7- 9 | 10-12 | 13-15 | 16-18 | 19-21 | 22-24 || total
-------------------------+-------+-------+-------+-------+-------+-------+-------+-------++-------
Melee: War axe           |    70 |   210 |   266 |   729 |  1138 |   901 |  1022 |   833 ||  5169
       Kick              |    12 |    45 |    78 |   249 |   445 |   393 |   556 |   481 ||  2259
       Morningstar       |       |       |       |     4 |    34 |       |       |       ||    38
Throw: Boomerang         |       |       |     3 |    14 |    19 |    65 |    95 |     1 ||   197
Invok: Berserk           |       |       |     1 |     4 |     4 |     1 |     2 |     3 ||    15
       Trog's Hand       |       |       |       |     1 |       |     3 |     2 |     5 ||    11
       Brothers in Arms  |       |       |       |       |       |       |       |     5 ||     5
  Use: Potion            |     1 |       |     1 |     1 |     2 |     1 |       |     2 ||     8
       Scroll            |       |    10 |    15 |    17 |    17 |    11 |     4 |    12 ||    86
 Stab: Distracted        |       |       |       |     3 |    13 |     4 |     8 |    12 ||    40
       Sleeping          |       |       |       |       |       |       |     2 |     2 ||     4
  Eat: Chunk             |       |     7 |     8 |    25 |    27 |    21 |    26 |    13 ||   127
       Ration            |       |       |     1 |     1 |     4 |     1 |     2 |     3 ||    12
Armor: Scale mail        |    25 |   107 |   128 |    83 |       |       |       |       ||   343
       Ring mail         |       |       |       |   154 |       |       |       |       ||   154
       Chain mail        |       |       |       |    18 |   628 |    34 |       |       ||   680
       Plate armour      |       |       |       |       |       |   438 |   222 |       ||   660
       Pearl dragon scal |       |       |       |       |       |       |   153 |   367 ||   520
Dodge: Dodged            |    13 |    67 |    83 |   185 |   377 |   264 |   306 |   275 ||  1570
Block: Kite shield       |    54 |   126 |   145 |   368 |   755 |   654 |  1094 |   982 ||  4178
       Reflection        |       |       |       |       |       |    45 |   123 |    36 ||   204
